 Dungeon Crawl Stone Soup version 0.31-a0-986-g5e6e4ef867 (webtiles) character file.

Game seed: 13047390490520009374

21 wildpjah the Shield-Bearer (level 2, -3/29 HPs)
             Began as a Gnoll Fighter on Nov 22, 2023.
             Killed from afar by Sigmund (4 damage)
             ... with a puff of flame
             ... on level 2 of the Dungeon.
             The game lasted 00:00:53 (450 turns).

wildpjah the Shield-Bearer (Gnoll Fighter)           Turns: 450, Time: 00:00:53

Health: -3/29      AC:  7    Str: 15    XL:     2   Next: 83%
Magic:  2/2        EV:  9    Int:  7    God:
Gold:   10         SH:  5    Dex: 11    Spells: 2/2 levels left

rFire   . . .        a - +0 war axe
rCold   . . .        c - +0 buckler
rNeg    . . .        b - +0 scale mail
rPois   .            (no helmet)
rElec   .            (no cloak)
rCorr   .            (no gloves)
SInv    .            (no boots)
Will    .....        (no amulet) Stlth
                     (no ring)
HPRegen 0.24/turn    (no ring)
MPRegen 0.08/turn

%: no passive effects
@: no status effects
A: fangs 1, strong nose, distributed training
a: no special abilities


You were on level 2 of the Dungeon.
You visited 1 branch of the dungeon, and saw 2 of its levels.

You collected 10 gold pieces.

Inventory:

Hand Weapons
 a - a +0 war axe (weapon)
Armour
 b - a +0 scale mail (worn)
 c - a +0 buckler (worn)
Jewellery
 e - an amulet of the acrobat
Scrolls
 f - a scroll of teleportation {unknown}
Potions
 d - a potion of might


   Skills:
 + Level 6.5 Fighting
 + Level 0.5 Short Blades
 + Level 0.5 Long Blades
 + Level 4.5 Axes
 + Level 0.5 Maces & Flails
 + Level 0.5 Polearms
 + Level 0.5 Staves
 + Level 0.5 Ranged Weapons
 + Level 0.5 Throwing
 + Level 6.5 Armour
 + Level 0.5 Dodging
 + Level 0.5 Stealth
 + Level 6.5 Shields
 + Level 0.5 Unarmed Combat
 + Level 0.5 Spellcasting
 + Level 0.4 Conjurations
 + Level 0.4 Hexes
 + Level 0.4 Summonings
 + Level 0.4 Necromancy
 + Level 0.4 Translocations
 + Level 0.4 Transmutations
 + Level 0.4 Fire Magic
 + Level 0.4 Ice Magic
 + Level 0.4 Air Magic
 + Level 0.4 Earth Magic
 + Level 0.4 Poison Magic
 + Level 0.7 Invocations
 + Level 0.5 Evocations
 + Level 0.5 Shapeshifting


You had 2 spell levels left.
You didn't know any spells.
Your spell library was empty.

Dungeon Overview and Level Annotations

Branches:
Dungeon (2/15)

Altars:

Annotations:
D:2 Sigmund


Innate Abilities, Weirdness & Mutations

You have very sharp teeth.
Your uncanny sense of smell can sniff out nearby items.
Your experience applies equally to all skills.


Message History

Something hits you but does no damage.
The ball python bites you but does no damage.
The ball python constricts you.
You closely miss the ball python. Your bite misses the ball python.
The ball python bites you but does no damage.
The ball python constricts you. Something hits you but does no damage.
You escape the ball python's grasp.
The ball python bites you but does no damage.
You block the ball python's attack.
You see here a ball python corpse.
You closely miss the ball python. You hit something. Something hits you!
The ball python bites you. The ball python barely misses you.
You block the ball python's attack. The ball python grabs you.
The ball python constricts you.
You hit the ball python but do no damage.
You hit something.
You hear some strange, mumbled words.
A magic dart appears from out of thin air!
The magic dart hits you.
The ball python bites you but does no damage.
The ball python constricts you. Something hits you but does no damage.
You slash the ball python!
You kill the ball python!
You miss something. You hit something but do no damage. You bite something.
You hear some strange, mumbled words.
Something tries to affect you, but you resist.
Something hits you!
* * * LOW HITPOINT WARNING * * *
You slash something! You block something's attack.
You miss something. You hit something. You bite something.
You hear some strange, mumbled words.
A magic dart appears from out of thin air!
The magic dart hits you.
* * * LOW HITPOINT WARNING * * *
You hear some strange, mumbled words.
A puff of flame appears from out of thin air!
The puff of flame hits you.
You die...

........ ... .....<.###
... #.#......##.. ##
#.#............ #.
#.#......#.#...
#.#+#.#......#.#...
#.####.....#........#...
#......@†...........#...
#######.{......##...#...
+........##...#...
#........###......
....................
).#..#.#####..........
#..#.# .............
#..#.# ###.......... #.
#. #..........


There were no monsters in sight!

Vanquished Creatures
  A dart slug (D:2)
  4 ball pythons (D:2)
  2 bats
  An endoplasm (D:2)
  A goblin (D:1)
  A hobgoblin (D:1)
  2 jackals (D:1)
  A quokka (D:1)
  2 kobolds
  A rat (D:1)
16 creatures vanquished.

Notes
Turn   | Place    | Note
-------+----------+-------------------------------------------
     0 | D:1      | wildpjah the Gnoll Fighter began the quest for the Orb.
     0 | D:1      | Reached XP level 1. HP: 23/23 MP: 1/1
   298 | D:1      | Reached XP level 2. HP: 29/29 MP: 2/2
   332 | D:1      | You fall into a shaft and drop 1 floor!
   433 | D:2      | Noticed Sigmund
   450 | D:2      | HP: 1/29 [something/magic dart (5)]
   450 | D:2      | Killed from afar by Sigmund

Illustrated notes

Levels and vault maps discovered:
D:1:      minmay_arrival_jagged, layout_loops_ring, serial_forest,
          infiniplex_forest_straight_2, infiniplex_forest_straight_4,
          infiniplex_forest_lined_corner, infiniplex_forest_zigzag_1,
          infiniplex_forest_lined_room_2, infiniplex_forest_lined_corner
D:2:      cheibrodos_fertilizer, layout_basic, uniq_sigmund

Action                     || total
---------------------------++-------
  Melee: War axe           ||    45
         Bite              ||     5
 Armour: Scale mail        ||    32
  Dodge: Dodged            ||    29
  Block: Buckler           ||    14

Table legend: (Time is in decaauts)
 A = Elapsed time spent in this place.
 B = Non-inter-level travel time spent in this place.
 C = Inter-level travel time spent in this place.
 D = Time resting spent in this place.
 E = Time spent auto-exploring this place.
 F = Levels seen in this place.
 G = Mean time per level.
                   A        B        C        D        E       F      G
               +--------+--------+--------+--------+--------+-----+--------+
         Total |    464 |    464 |      0 |      0 |    347 |   2 |  232.0 |
       Dungeon |    464 |    464 |      0 |      0 |    347 |   2 |  232.0 |
               +--------+--------+--------+--------+--------+-----+--------+

Top non-repeatable levels by time:
     D:1: 337 daAuts
     D:2: 126 daAuts
